 Dungeon Sprint DCSS version 0.22-a0-135-g6f012ad (webtiles) character file.

2221 Kidiri the Thaumaturge (level 9, -5/82 HPs)
             Began as a Red Draconian Air Elementalist on Feb 1, 2018.
             Was a High Priest of Sif Muna.
             Slain by a reaper
             ... wielding a +1 scythe of venom
             ... summoned by a guardian mummy's death curse
              (37 damage)
             ... in the Dungeon (Sprint VII: "The Pits").
             The game lasted 00:08:06 (1403 turns).

Kidiri the Thaumaturge (DrAE)                       Turns: 1403, Time: 00:08:07

Health: -5/82      AC:  7    Str: 10    XL:     9   Next: 13%
Magic:  0/23       EV: 16    Int: 23    God:    Sif Muna [*****.]
Gold:   0          SH:  0    Dex: 14    Spells: 9/28 levels left

rFire    + . .     SeeInvis .     - Unarmed
rCold    . . .     Gourm    .   (no shield)
rNeg     . . .     Faith    .   (armour unavailable)
rPois    .         Spirit   .   (helmet restricted)
rElec    .         Reflect  .   (no cloak)
rCorr    .         Harm     .   (no gloves)
MR       .....     NoTele   +   (no boots)
Stlth    ++........             (no amulet)
HPRegen  0.23/turn              p - +3 ring of dexterity
MPRegen  0.18/turn              q - +3 ring of intelligence

@: lethally poisoned (-5 -> -32)
A: breathe fire, unfitting armour, hooves 1, stinger 1, clever 1, clumsy 1, fire
resistance 1, cold-blooded, AC +7
a: Breathe Fire, Divine Energy, Channel Magic, Forget Spell, Renounce Religion


You were in the Dungeon.
You worshipped Sif Muna.
Sif Muna was extremely pleased with you.
You were not hungry.

You visited 1 branch

Inventory:

Jewellery
 p - a +3 ring of dexterity (left hand)
 q - a +3 ring of intelligence (right hand)
Scrolls
 h - a scroll of blinking
 j - 3 scrolls of remove curse
 k - 5 scrolls of amnesia
 l - a scroll of summoning
Potions
 d - 9 potions of heal wounds
 e - a potion of haste
 f - 2 potions of magic
 g - 2 potions of berserk rage
 i - 2 potions of invisibility
 m - 6 potions of curing
 r - a potion of agility
 s - a potion of brilliance
 t - 2 potions of resistance
Comestibles
 b - 9 rations


   Skills:
 + Level 8.6 Fighting
 + Level 7.5 Dodging
 - Level 1.7 Stealth
 + Level 7.8 Unarmed Combat
 * Level 10.4 Spellcasting
 + Level 7.9 Conjurations
 + Level 8.6 Air Magic


You had 9 spell levels left.
You knew the following spells:

 Your Spells              Type           Power        Failure   Level  Hunger
a - Shock                 Conj/Air       ####         1%          1    None
b - Swiftness             Chrm/Air       ####....     1%          2    None
c - Static Discharge      Conj/Air       ######..     1%          3    None
d - Airstrike             Air            ######....   1%          4    #......
e - Lightning Bolt        Conj/Air       ######....   4%          5    ####...
f - Summon Lightning Spi  Summ/Air       ####....     9%          4    #......


Dungeon Overview and Level Annotations

Branches:
Dungeon (1/1)

Altars:
Ashenzari
Cheibriados
Dithmenos
Elyvilon
Fedhas
Gozag
Hepliaklqana
Kikubaaqudgha
Makhleb
Nemelex Xobeh
Okawaru
Qazlal
Ru
Sif Muna
Trog
Uskayaw
Vehumet
Wu Jian
Xom
Yredelemnul
Zin
The Shining One
Beogh
Jiyva
Lugonu

Annotations:
D exclusions: 4 doors and 4 more exclusions


Innate Abilities, Weirdness & Mutations

You can breathe blasts of fire.
Your fiery red scales are hard. (AC +7)
You cannot fit into any form of body armour.
Your flesh is heat resistant. (rF+)
You are cold-blooded and may be slowed by cold attacks.
You have large cloven feet.
Your tail ends in a poisonous barb.
Your mind is acute. (Int +2)
You are clumsy. (Dex -2)


Message History

You are poisoned.
Unknown command.
Casting: Shock (safe; 1% risk of failure)
Confirm with . or Enter, or press ? or * to list all spells.
Aiming: Shock (safe; 1% risk of failure)
Press: ? - help, Shift-Dir - straight line, f - reaper
Aim: a reaper, wielding a scythe of venom (lightly wounded, summoned)
The zap hits the reaper.
The reaper appears unharmed.
The reaper is lightly wounded.
The zap hits the spiny frog.
The spiny frog is lightly wounded.
You feel very sick.
Your lightning spire shoots out a bolt of lightning at the reaper!
The bolt of electricity hits the reaper.
You punch the reaper!
The reaper is moderately wounded.
You feel sick.
The reaper shouts, "Die, Kidiri!"
The reaper hits you with a scythe of venom!!!
You die...

###+##................#
))+.##......#..#......#
###.##................+
.....+................+
+#####......#..#......#
..))##................#
###+#####+#####''######
....##.......##''#
....##.......##8@#
#+####.......##.2#
....##...<...##..#
....##.......##..#
....##.......##.F#
######.......##...
.#..###########...
.#.############...
.#.#....#::[[#


You could see a reaper, a spiny frog and a friendly lightning spire.

Vanquished Creatures
  2 komodo dragons (D)
  A guardian mummy (D)
  A red devil (D)
  Grinder (D)
  A warg (D)
  Purgy (D)
  A floating eye (D)
  An orc warrior (D)
  A black bear (D)
  A sky beast (D)
  A wolf (D)
  A gnoll sergeant (D)
  2 orc priests (D)
  An orc wizard (D)
  A gnoll (D)
  An adder (D)
  2 oozes (D)
  A worm (D)
  4 orcs (D)
  A bat (D)
  A goblin (D)
  2 hobgoblins (D)
  2 jackals (D)
  2 quokkas (D)
33 creatures vanquished.

Vanquished Creatures (collateral kills)
  A flying skull (D)
  4 wolves (D)
  A jackal (D)
6 creatures vanquished.

Grand Total: 39 creatures vanquished

Notes
Turn   | Place    | Note
-------+----------+-------------------------------------------
     0 | D        | Kidiri the Draconian Air Elementalist began the quest for the Orb.
     0 | D        | Reached XP level 1. HP: 14/14 MP: 3/3
    36 | D        | Reached skill level 1 in Fighting
    69 | D        | Found a bloodstained altar of Trog.
    69 | D        | Found a deep blue altar of Sif Muna.
    69 | D        | Found a viscous altar of Jiyva.
    69 | D        | Found a hazy altar of Hepliaklqana.
    69 | D        | Found an opulent altar of Gozag.
    70 | D        | Found a glowing golden altar of the Shining One.
    70 | D        | Found a glowing silver altar of Zin.
    70 | D        | Found a basalt altar of Yredelemnul.
    70 | D        | Found a shimmering altar of Xom.
    70 | D        | Found an ornate altar of the Wu Jian Council.
    70 | D        | Found a sacrificial altar of Ru.
    70 | D        | Found a stormy altar of Qazlal.
    70 | D        | Found an iron altar of Okawaru.
    70 | D        | Found a sparkling altar of Nemelex Xobeh.
    70 | D        | Found a burning altar of Makhleb.
    70 | D        | Found a blossoming altar of Fedhas.
    70 | D        | Found a white marble altar of Elyvilon.
    70 | D        | Found a shadowy altar of Dithmenos.
    70 | D        | Found a snail-covered altar of Cheibriados.
    72 | D        | Found a radiant altar of Vehumet.
    72 | D        | Found a corrupted altar of Lugonu.
    72 | D        | Found a roughly hewn altar of Beogh.
    73 | D        | Found a hide-covered altar of Uskayaw.
    73 | D        | Found an ancient bone altar of Kikubaaqudgha.
    73 | D        | Found a shattered altar of Ashenzari.
    87 | D        | Became a worshipper of Sif Muna the Loreminder
   176 | D        | Reached skill level 1 in Unarmed Combat
   176 | D        | Reached XP level 2. HP: 18/23 MP: 1/5
   180 | D        | Learned a level 2 spell: Swiftness
   251 | D        | Reached skill level 3 in Spellcasting
   312 | D        | Reached XP level 3. HP: 9/29 MP: 0/8
   530 | D        | Learned a level 3 spell: Static Discharge
   533 | D        | Noticed a warg
   546 | D        | Noticed a floating eye
   551 | D        | Reached * piety under Sif Muna
   565 | D        | Killed a warg
   565 | D        | Reached ** piety under Sif Muna
   565 | D        | Reached skill level 5 in Spellcasting
   565 | D        | Reached XP level 4. HP: 40/40 MP: 1/11
   565 | D        | Reached XP level 5. HP: 46/46 MP: 1/12
   566 | D        | Killed a floating eye
   566 | D        | Reached skill level 6 in Spellcasting
   566 | D        | Reached skill level 5 in Air Magic
   668 | D        | Learned a level 4 spell: Airstrike
   674 | D        | Learned a level 5 spell: Lightning Bolt
   734 | D        | Noticed a black bear
   734 | D        | Noticed an orc warrior
   737 | D        | Reached skill level 5 in Fighting
   737 | D        | Reached XP level 6. HP: 52/56 MP: 11/15
   738 | D        | Noticed Purgy
   743 | D        | Reached *** piety under Sif Muna
   743 | D        | Reached skill level 5 in Conjurations
   747 | D        | Killed an orc warrior
   747 | D        | Reached skill level 5 in Dodging
   747 | D        | Reached skill level 5 in Unarmed Combat
   747 | D        | Reached skill level 7 in Spellcasting
   750 | D        | Reached **** piety under Sif Muna
   750 | D        | Your scales start taking on a fiery red colour.
   750 | D        | Reached XP level 7. HP: 31/63 MP: 6/18
   750 | D        | Gained mutation: Your flesh is heat resistant. (rF+) [Red Draconian growth]
   761 | D        | Killed Purgy
   761 | D        | Reached skill level 8 in Spellcasting
   937 | D        | Noticed a red devil
   938 | D        | Killed a red devil
   938 | D        | Reached ***** piety under Sif Muna
   938 | D        | Identified Sif Muna's Handbook of Creative Flight (Sif Muna gifted it to you in the Dungeon)
   938 | D        | Received a gift from Sif Muna
   947 | D        | Learned a level 4 spell: Summon Lightning Spire
  1036 | D        | Noticed Grinder
  1046 | D        | Killed Grinder
  1046 | D        | Reached skill level 9 in Spellcasting
  1046 | D        | Reached XP level 8. HP: 59/73 MP: 5/21
  1139 | D        | Noticed a komodo dragon
  1147 | D        | HP: 2/73 [komodo dragon (31)]
  1150 | D        | Killed a komodo dragon
  1154 | D        | Identified Sif Muna's Volume of Ice and Earth (Sif Muna gifted it to you in the Dungeon)
  1154 | D        | Received a gift from Sif Muna
  1196 | D        | Gained mutation: Your mind is acute. (Int +2) [potion of mutation]
  1196 | D        | Gained mutation: You have large cloven feet. [potion of mutation]
  1196 | D        | Gained mutation: You are clumsy. (Dex -2) [potion of mutation]
  1196 | D        | Gained mutation: Your tail ends in a poisonous barb. [potion of mutation]
  1384 | D        | Noticed a flying skull
  1386 | D        | Noticed a komodo dragon
  1391 | D        | Noticed a guardian mummy
  1392 | D        | Killed a komodo dragon
  1392 | D        | Reached skill level 10 in Spellcasting
  1396 | D        | Killed a flying skull
  1396 | D        | Reached XP level 9. HP: 61/82 MP: 0/23
  1400 | D        | Killed a guardian mummy
  1400 | D        | Noticed a reaper
  1401 | D        | Noticed a spiny frog
  1403 | D        | Slain by a reaper

Vault maps used:
D:        pitsprint

Skill      XL: |  1  2  3  4  5  6  7  8 |
---------------+-------------------------+-----
Fighting       | 1 2 3 5 6 7 8 |  8.6
Dodging        | 2 3 4 5 6 7 |  7.5
Unarmed Combat | 1 3 4 5 6 7 |  7.8
Spellcasting   | 3 5 6 7 9 10 | 10.4
Conjurations   | 2 3 4 5 6 7 |  7.9
Air Magic      | 4 5 6 7 8 |  8.6
Stealth        | |  1.7

Action                   |  1- 3 |  4- 6 |  7- 9 || total
-------------------------+-------+-------+-------++-------
Melee: Unarmed           |    30 |     1 |    26 ||    57
       Tailslap          |     3 |       |     4 ||     7
 Cast: Shock             |    13 |     6 |     7 ||    26
       Swiftness         |     1 |       |       ||     1
       Static Discharge  |     1 |       |       ||     1
       Lightning Bolt    |       |     3 |    10 ||    13
       Summon Lightning  |       |       |     2 ||     2
 Abil: Breathe Fire      |       |       |     4 ||     4
  Use: Potion            |     2 |     2 |     3 ||     7
  Eat: Chunk             |       |       |     7 ||     7
Armor: Skin              |     7 |     4 |     6 ||    17
Dodge: Dodged            |    27 |     7 |    38 ||    72

Table legend:
 A = Spawn XP
 B = Non-spawn XP
 C = Spawn XP percentage of total XP
 D = Spawn monster count
 E = Non-spawn monster count
 F = Spawn count percentage of total count
 G = Total turns spent on level
                    A         B        C        D         E        F      G
               +---------+---------+-------+---------+---------+-------+---------
         Total |       0 |    3173 |   0.0 |       0 |      39 |   0.0 |  1403
               +---------+---------+-------+---------+---------+-------+---------
             D |       0 |    3173 |   0.0 |       0 |      39 |   0.0 |  1403
               +---------+---------+-------+---------+---------+-------+---------
